 Dungeon Crawl Stone Soup version 0.22-a0-284-g99d1f74 (webtiles) character file.

73218 Azzok the Crack Shot (level 15, -3/95 HPs)
             Began as a Gargoyle Berserker on Mar 20, 2018.
             Was a High Priest of Trog.
             Slain by a stone giant (21 damage)
             ... on level 1 of the Orcish Mines.
             The game lasted 00:41:51 (20888 turns).

Azzok the Crack Shot (Gargoyle Berserker)          Turns: 20888, Time: 00:41:52

Health: -3/95      AC: 28    Str: 24    XL:     15   Next: 42%
Magic:  15/15      EV:  7    Int: 19    God:    Trog [*****.]
Gold:   1145       SH:  0    Dex: 12    Spells: 14/14 levels left

rFire    + + .     SeeInvis +   a - +7 longbow (freeze)
rCold    + . .     Gourm    .   (shield currently unavailable)
rNeg     + + .     Faith    +   J - +0 plate armour
rPois    ∞         Spirit   .   d - +1 helmet of the Sun {Int+4}
rElec    +         Reflect  .   e - scarf {rC+ rF+}
rCorr    .         Harm     .   x - +2 pair of gloves
MR       +++..                  l - +0 pair of boots
Stlth    ..........             q - amulet of faith
HPRegen  1.25/turn              F - ring of protection from fire
MPRegen  0.14/turn              H - ring of Lyun Hid {rPois rN+ Int+4 Dex+3 SInv}

@: regenerating
A: big wings, negative energy resistance 1, electricity resistance, unbreathing,
petrification resistance, rot immunity, AC +11
a: Fly, Berserk, Trog's Hand, Brothers in Arms, Renounce Religion


You were on level 1 of the Orcish Mines.
You worshipped Trog.
Trog was extremely pleased with you.
You were near starving.

You visited 3 branches of the dungeon, and saw 22 of its levels.

You collected 1645 gold pieces.
You spent 500 gold pieces at shops.

Inventory:

Hand Weapons
 a - a +7 longbow of freezing (weapon)
 b - a +1 dagger of electrocution
 R - a +5 longbow of freezing
Missiles
 t - 276 arrows (quivered)
Armour
 d - the +1 helmet of the Sun (worn) {Int+4}
   (You found it on level 11 of the Dungeon)

   It affects your intelligence (+4).
 e - a scarf of resistance (worn)
 l - a +0 pair of boots (worn)
 x - a +2 pair of gloves (worn)
 J - a +0 plate armour (worn)
Jewellery
 k - an uncursed amulet of regeneration
 q - an amulet of faith (around neck)
 C - an uncursed ring of protection from cold
 F - a ring of protection from fire (left hand)
 H - the ring of Lyun Hid (right hand) {rPois rN+ Int+4 Dex+3 SInv}
   (You found it on level 7 of the Dungeon)

   [ring of see invisible]

   It affects your intelligence (+4).
   It affects your dexterity (+3).
   It protects you from poison.
   It protects you from negative energy.
   It lets you see invisible.
Wands
 v - a wand of iceblast (19)
 L - a wand of scattershot (6)
 M - a wand of digging (14)
 P - a wand of acid (4)
 S - a wand of disintegration (13)
Scrolls
 f - 2 scrolls of magic mapping
 g - 11 scrolls of enchant armour
 j - 7 scrolls of immolation
 p - 5 scrolls of identify
 u - 10 scrolls of teleportation
 y - a scroll of fog
 B - 4 scrolls of fear
 G - a scroll of silence {unknown}
 K - 4 scrolls of blinking
 O - 6 scrolls of remove curse
 T - a scroll of torment
Potions
 h - 7 potions of curing
 i - 3 potions of cancellation
 m - 2 potions of might
 o - a potion of haste
 r - 7 potions of heal wounds {unknown}
 s - a potion of resistance {unknown}
 w - 5 potions of lignification {unknown}
 z - 2 potions of berserk rage {unknown}
 A - a potion of flight {unknown}
 D - 2 potions of invisibility {unknown}
 E - 3 potions of mutation {unknown}
 I - 4 potions of brilliance {unknown}
 N - a potion of magic {unknown}
Comestibles
 c - 34 rations


   Skills:
 - Level 11.6 Fighting
   Level 2.6 Polearms
 + Level 22.3 Bows
 - Level 2.1 Armour
 - Level 1.5 Dodging


You had 14 spell levels left.
You didn't know any spells.

Dungeon Overview and Level Annotations

Branches:
Dungeon (14/15)            Temple (0/1) D:5            Lair (6/6) D:9
  Swamp (0/4) Lair:3       Spider (0/4) Lair:3        Slime (0/5) Lair:6
    Orc (2/2) D:11         Vaults (0/5) D:14
    Elf: Orc:2

Altars:
Ashenzari
Cheibriados
Fedhas
Gozag
Okawaru
Qazlal
Ru
Sif Muna
Vehumet
Xom
Zin
Jiyva

Shops:
D:7 :   D:9 =   Orc:1 [

Portals:
Trove: D:11 (give 5 scrolls of blinking)

Annotations:
D:11 2 runed doors
Lair:6 1 runed door


Innate Abilities, Weirdness & Mutations

You are resistant to torment.
Your stone body is resilient. (AC +11)
You are immune to poison.
Your large and strong wings let you fly indefinitely.
You resist negative energy. (rN+)
You are resistant to electric shocks. (rElec)
You can survive without breathing.
You are immune to petrification.
You are immune to rotting.


Message History

You shoot an arrow. The arrow hits the stone giant.
The arrow freezes the stone giant.
The stone giant is moderately wounded.
The orc wizard casts a spell.
The orc wizard blinks!
The stone giant hits you!!
Firing (i - inventory)
t - 276 arrows (quivered)
Press: ? - help, Shift-Dir - straight line, f/p - stone giant
Aim: a stone giant (moderately wounded)
Okay, then.
The stone giant hits you but does no damage.
You climb upwards.
There is a stone staircase leading down here.
Your skin crawls.
You feel resistant to hostile enchantments.
You feel somewhat more hungry. The stone giant hits you!!
* * * LOW HITPOINT WARNING * * *
Your ogre goes berserk!
You are near starving!
The stone giant hits you!!
You die...

▒▒·▒···▒·▒▒▒
▒▒▒········▒
▒▒▒·▒▒▒▒)))···
▒···▒▒▒·······
▒▒▒······▒·····)
▒·▒······▒······
▒▒▒·····▒·········
▒▒·▒··▒·▒▒······▒▒▒
▒·@[·▒▒▒▒·····<▒▒▒▒
▒▒OC····▒·······▒··
▒▒····▒▒···▒······
▒▒·······▒▒······
▒▒▒▒·····▒▒·····
▒▒···▒▒▒▒··▒▒ ▒·▒▒▒
▒···▒ ▒·▒ ▒▒▒▒▒ ▒▒▒


You could see a stone giant and a friendly ogre (berserk).

Vanquished Creatures
  Rupert (Lair:6)
  A tengu reaver (D:12)
  A fire dragon (Lair:6)
  A rakshasa (D:14)
  7 hydras
  4 vault guards (D:14)
  2 centaur warriors
  A catoblepas (Lair:2)
  A death knight (D:14)
  3 two-headed ogres
  7 death yaks (Lair:5)
  2 tengu warriors (D:13)
  A deep elf knight (D:12)
  An orc high priest (Orc:2)
  2 unseen horrors
  An obsidian statue (D:13)
  An orange crystal statue (D:13)
  Pikel (D:5)
  An orc knight (D:12)
  The ghost of Karim the Slasher, a novice MiSu of Wu Jian (D:7)
  2 lindwurms (Lair:6)
  An orc sorcerer (D:12)
  A deep elf mage (D:14)
  A manticore (D:11)
  6 cyclopes
  2 ugly things
  An eye of devastation (shapeshifter) (D:12)
  9 black mambas
  3 elephants (Lair:4)
  A gargoyle (D:11)
  3 molten gargoyles (Lair:6)
  6 centaur zombies
  2 torpor snails (Lair:6)
  6 spiny frogs
  Psyche (D:10)
  4 rime drakes
  A centaur skeleton (D:11)
  11 komodo dragons
  A yaktaur (D:11)
  5 trolls
  A polar bear (shapeshifter) (D:14)
  2 jumping spiders (Lair:3)
  3 polar bears
  3 meliai (D:14)
  15 blink frogs
  A hippogriff (shapeshifter) (D:11)
  10 hippogriffs
  A redback (Lair:3)
  A spriggan (Lair:2)
  A shadow (D:12)
  29 yaks
  7 wyverns
  3 steam dragons
  A wraith (D:11)
  A basilisk (Lair:6)
  4 hogs (D:7)
  A human (D:7)
  Edmund (D:5)
  A warg (Orc:2)
  An acid dragon (D:14)
  9 water moccasins
  Duvessa (D:5)
  4 hell hounds (Lair:6)
  11 porcupines
  7 ice beasts
  13 orc warriors
  4 sky beasts
  2 phantoms
  6 wolves (Lair:3)
  5 ogres
  7 centaurs
  8 crocodiles
  4 big kobolds
  Blork the orc (D:6)
  7 bullfrogs
  2 gnoll sergeants
  Dowan (D:5)
  An elf skeleton (D:6)
  A scorpion (D:8)
  13 killer bees
  4 wights (D:12)
  2 howler monkeys
  2 crimson imps
  5 lava snakes (Lair:6)
  2 quasits
  2 human zombies (D:6)
  2 jellies
  A bullfrog skeleton (D:11)
  6 hounds
  9 orc priests
  19 orc wizards
  A human skeleton (D:6)
  9 iguanas
  13 worker ants
  A hound zombie (D:5)
  A howler monkey skeleton (D:4)
  9 adders
  16 gnolls
  3 shadow imps
  3 oozes
  A worm (D:2)
  3 dart slugs
  68 orcs
  2 giant cockroaches
  9 goblins
  10 hobgoblins
  19 jackals
  15 kobolds
  2 quokkas
  6 bats
  4 frilled lizards
  A jackal skeleton (D:6)
  2 jackal zombies
  2 leopard gecko skeletons
  An orc skeleton (D:6)
  An orc zombie (D:6)
  4 rats
  A bush (Lair:5)
562 creatures vanquished.

Vanquished Creatures (collateral kills)
  A phantasmal warrior (D:12)
  2 cyclopes (D:12)
  A gargoyle (D:12)
  A bullfrog simulacrum (D:12)
5 creatures vanquished.

Vanquished Creatures (others)
  A slave (D:5)
  A worker ant (D:5)
  An orc (D:8)
  A fungus (Lair:3)
  A plant (Lair:5)
5 creatures vanquished.

Grand Total: 572 creatures vanquished

Notes
Turn   | Place    | Note
-------+----------+-------------------------------------------
     0 | D:1      | Azzok the Gargoyle Berserker began the quest for the Orb.
     0 | D:1      | Reached XP level 1. HP: 14/14 MP: 1/1
    87 | D:1      | Reached XP level 2. HP: 15/20 MP: 2/2
   506 | D:1      | Reached XP level 3. HP: 21/24 MP: 3/3
   814 | D:2      | Found an opulent altar of Gozag.
   860 | D:2      | Reached ** piety under Trog
   924 | D:2      | Reached skill level 5 in Fighting
  1205 | D:2      | Reached XP level 4. HP: 31/31 MP: 4/4
  1229 | D:2      | Found an iron altar of Okawaru.
  1503 | D:2      | Noticed an ogre
  1512 | D:2      | Killed an ogre
  1512 | D:2      | Reached XP level 5. HP: 26/37 MP: 5/5
  1967 | D:3      | Reached XP level 6. HP: 44/44 MP: 6/6
  1990 | D:3      | Reached *** piety under Trog
  2331 | D:4      | Noticed an ice beast
  2356 | D:4      | Killed an ice beast
  2477 | D:4      | Reached XP level 7. HP: 50/50 MP: 7/7
  2749 | D:4      | Found a shattered altar of Ashenzari.
  2750 | D:4      | Found a blossoming altar of Fedhas.
  2798 | D:4      | Reached **** piety under Trog
  3292 | D:5      | Entered Level 5 of the Dungeon
  3301 | D:5      | Noticed Duvessa
  3301 | D:5      | Noticed Dowan
  3524 | D:5      | Killed Duvessa
  3524 | D:5      | Reached skill level 10 in Fighting
  3524 | D:5      | Reached XP level 8. HP: 57/57 MP: 8/8
  3541 | D:5      | Killed Dowan
  3641 | D:5      | Noticed Pikel
  3655 | D:5      | Killed Pikel
  3655 | D:5      | Reached skill level 3 in Bows
  3709 | D:5      | Noticed Edmund
  3716 | D:5      | Killed Edmund
  3716 | D:5      | Reached skill level 4 in Bows
  3716 | D:5      | Reached XP level 9. HP: 64/64 MP: 9/9
  3781 | D:5      | Found a staircase to the Ecumenical Temple.
  3865 | D:5      | Reached skill level 5 in Bows
  4298 | D:6      | Got an encrusted short sword
  4299 | D:6      | Identified the +6 short sword of Ascent {protect, rC+} (You found it on level 6 of the Dungeon)
  4324 | D:6      | Found a sacrificial altar of Ru.
  4403 | D:6      | Noticed Blork the orc
  4411 | D:6      | Killed Blork the orc
  4478 | D:6      | Reached skill level 6 in Bows
  4782 | D:6      | Reached ***** piety under Trog
  4782 | D:6      | Received a gift from Trog
  4987 | D:6      | Found a deep blue altar of Sif Muna.
  5167 | D:7      | Reached skill level 7 in Bows
  5234 | D:7      | Got a fine glass ring
  5257 | D:7      | Identified the ring of Lyun Hid {rPois rN+ Int+4 Dex+3 SInv} (You found it on level 7 of the Dungeon)
  5316 | D:7      | Reached skill level 8 in Bows
  5362 | D:7      | Noticed Karim's ghost (novice MiSu)
  5373 | D:7      | Killed Karim's ghost
  5373 | D:7      | Reached skill level 9 in Bows
  5373 | D:7      | Reached XP level 10. HP: 39/70 MP: 10/10
  5519 | D:7      | Found Rimmergh's Book Shoppe.
  5702 | D:7      | Received a gift from Trog
  5869 | D:7      | Reached skill level 10 in Bows
  6361 | D:8      | Found a radiant altar of Vehumet.
  6369 | D:8      | Noticed an angel
  6371 | D:8      | Found a shimmering altar of Xom.
  6373 | D:8      | Found a glowing silver altar of Zin.
  6427 | D:8      | Received a gift from Trog
  7051 | D:9      | Reached skill level 11 in Bows
  7344 | D:9      | Reached skill level 12 in Bows
  7412 | D:9      | Found Lepeg's Jewellery Emporium.
  7420 | D:9      | Bought an uncursed ring of protection from cold for 250 gold pieces
  7420 | D:9      | Bought an uncursed ring of protection from fire for 250 gold pieces
  7779 | D:9      | Found a staircase to the Lair.
  7782 | D:9      | Reached XP level 11. HP: 72/75 MP: 11/11
  8132 | D:10     | Entered Level 10 of the Dungeon
  8588 | D:10     | Noticed Psyche
  8594 | D:10     | Killed Psyche
  8594 | D:10     | Reached skill level 13 in Bows
  8640 | D:10     | Noticed a two-headed ogre
  8643 | D:10     | Killed a two-headed ogre
  9016 | D:11     | Received a gift from Trog
  9070 | D:11     | Found a staircase to the Orcish Mines.
  9328 | D:11     | Noticed a white ugly thing
  9338 | D:11     | Killed a white ugly thing
  9360 | D:11     | Reached skill level 14 in Bows
  9593 | D:11     | Found a portal to a secret trove of treasure.
  9890 | D:11     | Got a scorched helmet
  9891 | D:11     | Identified the +1 helmet of the Sun {Int+4} (You found it on level 11 of the Dungeon)
  9983 | D:11     | Found a large runed door.
  9983 | D:11     | Found a large runed door.
 10047 | D:11     | Noticed a manticore
 10050 | D:11     | Killed a manticore
 10171 | Lair:1   | Entered Level 1 of the Lair of Beasts
 10460 | Lair:1   | Reached skill level 15 in Bows
 10551 | Lair:1   | Reached XP level 12. HP: 80/80 MP: 12/12
 11258 | Lair:2   | Noticed a catoblepas
 11264 | Lair:2   | Received a gift from Trog
 11271 | Lair:2   | Killed a catoblepas
 11272 | Lair:2   | Reached skill level 16 in Bows
 11704 | Lair:3   | Found a hole to the Spider Nest.
 11914 | Lair:3   | Received a gift from Trog
 12279 | Lair:3   | Found a staircase to the Swamp.
 12694 | Lair:4   | Reached skill level 17 in Bows
 13332 | Lair:5   | Noticed a death yak
 13332 | Lair:5   | Reached XP level 13. HP: 84/84 MP: 13/13
 13616 | Lair:4   | Received a gift from Trog
 14022 | Lair:5   | Reached skill level 18 in Bows
 14227 | Lair:5   | Received a gift from Trog
 14964 | Lair:6   | Entered Level 6 of the Lair of Beasts
 14998 | Lair:6   | Reached ****** piety under Trog
 15030 | Lair:6   | Reached skill level 19 in Bows
 15034 | Lair:6   | Found a runed door.
 15040 | Lair:6   | Found a viscous altar of Jiyva.
 15040 | Lair:6   | Found a staircase to the Slime Pits.
 15474 | Lair:6   | Noticed Rupert
 15484 | Lair:6   | Killed Rupert
 15629 | Lair:6   | Found a snail-covered altar of Cheibriados.
 15715 | Lair:6   | Gained mutation: Your large and strong wings let you fly indefinitely. [Gargoyle growth]
 15715 | Lair:6   | Reached XP level 14. HP: 90/90 MP: 14/14
 15919 | Lair:6   | Found a large runed door.
 15946 | Lair:6   | Reached skill level 20 in Bows
 15970 | Lair:6   | Received a gift from Trog
 16007 | Lair:6   | Found a large runed door.
 17340 | D:12     | Noticed a tengu reaver
 17353 | D:12     | Killed a tengu reaver
 17901 | D:13     | Reached skill level 21 in Bows
 18124 | D:13     | Received a gift from Trog
 18135 | D:13     | Got a steaming longbow {god gift}
 18136 | D:13     | Identified the +3 longbow of Collusion {velocity, rPois Int+3} (Trog gifted it to you on level 13 of the Dungeon)
 19135 | D:14     | Reached XP level 15. HP: 95/95 MP: 15/15
 19419 | D:14     | Found a gate to the Vaults.
 19448 | D:14     | Reached skill level 22 in Bows
 20048 | D:14     | Found a stormy altar of Qazlal.
 20188 | D:14     | Received a gift from Trog
 20363 | Orc:1    | Entered Level 1 of the Orcish Mines
 20375 | Orc:1    | Found Mosunty's Armour Shop.
 20477 | Orc:2    | Entered Level 2 of the Orcish Mines
 20888 | Orc:1    | Slain by a stone giant

Vault maps used:
D:1:      elethiomel_arrival_maze
D:2:      overflow_temple_1_default, minivault_27, minmay_statues_item,
          minmay_misc_feat_diagonals, okawaru_altar_gauntlet_db
D:3:      first_ration
D:4:      kennysheep_the_goblin_king, nicolae_overflow_hidden_temple
D:5:      minmay_temple_entry_junction_2, lexackson_kobold_supper, uniq_pikel,
          uniq_edmund, uniq_duvessa
D:6:      marbit_many_paths, nicolae_ru_awakened_eye,
          nicolae_ossuary_entry_catacombs, kennysheep_decorative_pillar,
          kennysheep_nub, uniq_blork_the_orc
D:7:      serial_shops, shop, grunt_livestock, small_statue_alley_b
D:8:      grunt_temple_overflow_order_and_chaos_1, fiery_altar_vehumet
D:9:      grunt_lair_entry_orc_guard_hut, serial_shops, shop_fountains
D:10:     uniq_psyche
D:11:     orc_0_dummy, nicolae_trove_entry_columns, jmf_multi_god_temple2
D:12:     minmay_octo_star
D:13:     minmay_more_statues
D:14:     lightli_vaults_fourway_checkpoint, hangedman_decor_cross_pass,
          basic_altar, st_stairs_5
Lair:1:   nicolae_lair_grove_arrangements
Lair:2:   serial_bayou_ford_a, grunt_forest_large_clearing_hut
Lair:3:   minmay_swamp_entry_worms, spider_nest_entry_a, beast_lair_carwin_7
Lair:5:   lemuel_old_faithful
Lair:6:   cheibrodos_lair_end_hotspot, slime_altar_2, kennysheep_snail_temple,
          uniq_rupert
Orc:1:    serial_shops, nicolae_shop_statue_plus, uniq_erolcha
Orc:2:    grunt_orc_cross

Skill      XL: |  1  2  3  4  5  6  7  8  9 10 11 12 13 14 15 |
---------------+----------------------------------------------+-----
Fighting       | 4 5 6 7 8 10 11 | 11.6
Bows           | 4 9 12 15 17 19 21 22 | 22.3
Polearms       | |  2.6
Armour         | |  2.1
Dodging        | |  1.5

Action                   |  1- 3 |  4- 6 |  7- 9 | 10-12 | 13-15 || total
-------------------------+-------+-------+-------+-------+-------++-------
Melee: Spear             |    61 |       |       |       |       ||    61
       Short sword       |    65 |   224 |    50 |       |       ||   339
       Dagger            |       |       |   377 |   138 |    19 ||   534
 Fire: Longbow           |       |       |       |   467 |   722 ||  1189
Invok: Berserk           |       |     2 |     3 |     1 |       ||     6
       Trog's Hand       |       |       |       |     1 |     1 ||     2
       Brothers in Arms  |       |       |       |       |     3 ||     3
 Abil: Fly               |       |       |       |       |     1 ||     1
       Stop Flying       |       |       |       |       |     1 ||     1
  Use: Scroll            |     4 |       |    10 |     9 |     7 ||    30
       Potion            |       |       |       |       |     1 ||     1
 Stab: Sleeping          |     1 |     2 |       |       |       ||     3
  Eat: Chunk             |     1 |     6 |    13 |    26 |    22 ||    68
Armor: Animal skin       |    50 |    94 |       |       |       ||   144
       Chain mail        |       |    42 |   261 |    91 |       ||   394
       Plate armour      |       |       |       |   193 |   154 ||   347
Dodge: Dodged            |    91 |   156 |   165 |   138 |    63 ||   613

Table legend:
 A = Spawn XP
 B = Non-spawn XP
 C = Spawn XP percentage of total XP
 D = Spawn monster count
 E = Non-spawn monster count
 F = Spawn count percentage of total count
 G = Total turns spent on level
                    A         B        C        D         E        F      G
               +---------+---------+-------+---------+---------+-------+---------
         Total |       0 |  104598 |   0.0 |       0 |     566 |   0.0 | 20888
               +---------+---------+-------+---------+---------+-------+---------
           D:1 |       0 |      46 |   0.0 |       0 |      20 |   0.0 |   693
           D:2 |       0 |     202 |   0.0 |       0 |      23 |   0.0 |   966
           D:3 |       0 |     180 |   0.0 |       0 |      28 |   0.0 |   669
           D:4 |       0 |     610 |   0.0 |       0 |      39 |   0.0 |  1137
           D:5 |       0 |    1715 |   0.0 |       0 |      25 |   0.0 |   678
           D:6 |       0 |     654 |   0.0 |       0 |      23 |   0.0 |   949
           D:7 |       0 |    2277 |   0.0 |       0 |      25 |   0.0 |  1112
           D:8 |       0 |     982 |   0.0 |       0 |      24 |   0.0 |   929
           D:9 |       0 |    2772 |   0.0 |       0 |      28 |   0.0 |  1025
          D:10 |       0 |    2306 |   0.0 |       0 |      21 |   0.0 |   866
          D:11 |       0 |    4202 |   0.0 |       0 |      36 |   0.0 |  1214
          D:12 |       0 |    8086 |   0.0 |       0 |      20 |   0.0 |  1228
          D:13 |       0 |   10640 |   0.0 |       0 |      38 |   0.0 |  1195
          D:14 |       0 |   19210 |   0.0 |       0 |      47 |   0.0 |  1466
        Lair:1 |       0 |    3436 |   0.0 |       0 |      15 |   0.0 |   697
        Lair:2 |       0 |    3874 |   0.0 |       0 |      16 |   0.0 |   881
        Lair:3 |       0 |    3811 |   0.0 |       0 |      19 |   0.0 |   835
        Lair:4 |       0 |    5928 |   0.0 |       0 |      22 |   0.0 |  1213
        Lair:5 |       0 |   11758 |   0.0 |       0 |      27 |   0.0 |  1301
        Lair:6 |       0 |   20039 |   0.0 |       0 |      55 |   0.0 |  1309
         Orc:1 |       0 |     348 |   0.0 |       0 |       6 |   0.0 |   490
         Orc:2 |       0 |    1522 |   0.0 |       0 |       9 |   0.0 |    35
               +---------+---------+-------+---------+---------+-------+---------
